 Dungeon Crawl Stone Soup version 0.31.0-11-ge490571c62 (webtiles) character file.

Game seed: 3302397436315121232

99 qw the Shooter (level 4, -5/22 HPs)
             Began as a Spriggan Hunter on Feb 4, 2024.
             Slain by a gnoll
             ... wielding a +0 flail
              (12 damage)
             ... on level 3 of the Dungeon.
             The game lasted 00:00:23 (1856 turns).

qw the Shooter (Spriggan Hunter)                    Turns: 1856, Time: 00:00:24

Health: -5/22      AC:  2    Str:  7    XL:     4   Next: 45%
Magic:  5/5        EV: 20    Int: 10    God:
Gold:   12         SH:  0    Dex: 20    Spells: 3/3 levels left

rFire   . . .        a - +0 shortbow
rCold   . . .        (shield currently unavailable)
rNeg    . . .        c - +0 robe
rPois   .            (helmet restricted)
rElec   .            (no cloak)
rCorr   .            (gloves unavailable)
SInv    +            (boots unavailable)
Will    .....        (no amulet)
Stlth   ++           (no ring)
HPRegen 0.23/turn    (no ring)
MPRegen 0.09/turn

%: no passive effects
@: very quick
A: very small, no large weapons, unfitting armour, see invisible, speed 3
a: no special abilities


You were on level 3 of the Dungeon.
You visited 1 branch of the dungeon, and saw 3 of its levels.

You collected 68 gold pieces.
You spent 56 gold pieces at shops.


Innate Abilities, Weirdness & Mutations

You are very small and have problems with some larger weapons.
You are too small for most types of armour.
You have supernaturally acute eyesight. (SInv)
You cover ground extremely quickly. (Speed+++)


   Skills:
 + Level 1.6 Fighting
 - Level 5.0 Ranged Weapons
 - Level 5.0 Dodging
 - Level 1.5 Stealth


You had 3 spell levels left.
You didn't know any spells.
Your spell library was empty.

Inventory:

Hand Weapons
 a - a +0 shortbow (weapon)
Armour
 c - a +0 robe (worn)
Potions
 d - a potion of curing
 e - a potion of mutation
 f - a potion of haste
 g - a potion of cancellation {unknown}
 i - a potion of heal wounds {unknown}
 l - a potion of enlightenment {unknown}

Dungeon Overview and Level Annotations

Branches:
Dungeon (3/15)

Altars:

Shops:
D:2 ?


Message History

A gnoll comes into view. It is wielding a +0 flail.
Your Dodging skill increases to level 5!
You shoot an arrow. The arrow barely misses the gnoll.
The gnoll shouts!
You hear a bark!
A jackal comes into view.
The gnoll throws a throwing net.
The throwing net closely misses you.
You shoot an arrow. The arrow hits the goblin.
You kill the goblin!
A jackal comes into view.
You shoot an arrow. The arrow closely misses the gnoll.
The gnoll misses you.
You shoot an arrow. The arrow hits the gnoll.
The gnoll is moderately wounded.
The gnoll misses you.
You shoot an arrow.
The arrow hits the gnoll but does no damage.
The gnoll hits you from afar with a +0 halberd.
You shoot an arrow.
The arrow hits the gnoll but does no damage.
The gnoll hits you with a +0 spear. The gnoll misses you.
The gnoll closely misses you.
You shoot an arrow. The arrow hits the gnoll.
The gnoll is lightly wounded.
The gnoll completely misses you. x2; The gnoll closely misses you.
The gnoll barely misses you. The gnoll closely misses you.
The gnoll barely misses you.
You shoot an arrow. The arrow hits the gnoll.
The gnoll is moderately wounded.
The gnoll barely misses you. The gnoll misses you.
The gnoll completely misses you.
You shoot an arrow.
The arrow hits the gnoll but does no damage.
The gnoll is moderately wounded.
The gnoll misses you. The gnoll closely misses you.
The gnoll completely misses you.
You shoot an arrow. The arrow closely misses the gnoll.
The gnoll hits you with a +0 spear. The gnoll hits you with a +0 flail!
Ouch! That really hurt!
You die...

.........#.#.#
......#..#.#.###### ...
##...<#.........[.+ ...
#...##....#.###### ....
#...#..##.#.## .....
#...+.....#..#####.....
#....#######..#........$
.....# #....#.ggg)....
.##### #.#..#(@# #
#.#.....# #.##.##.#
#..#.##.# ...#.##.#
...#.##.# 8..#....#
#....# #....#


You could see 3 gnolls.

Vanquished Creatures
  An adder (D:2)
  2 gnolls
  3 dart slugs
  3 ribbon worms (D:2)
  4 ball pythons
  6 bats
  6 endoplasms
  3 goblins
  7 hobgoblins
  10 jackals
  2 kobolds
  A quokka (D:1)
  3 rats (D:1)
51 creatures vanquished.

Notes
Turn   | Place    | Note
-------+----------+-------------------------------------------
     0 | D:1      | qw the Spriggan Hunter began the quest for the Orb.
     0 | D:1      | Reached XP level 1. HP: 10/10 MP: 2/2
     0 | D:1      | 0 ||| qw: Version: 0.3-a-160-g6735b56
     0 | D:1      | 0 ||| qw: Game counter: 5788
     0 | D:1      | 0 ||| qw: Melee chars always use a shield: true
     0 | D:1      | 0 ||| qw: God list: Okawaru
     0 | D:1      | 0 ||| qw: Allow faded altars: false
     0 | D:1      | 0 ||| qw: Do Orc after clearing Dungeon:15 true
     0 | D:1      | 0 ||| qw: Do second Lair branch before Depths: true
     0 | D:1      | 0 ||| qw: Lair rune preference: random
     0 | D:1      | 0 ||| qw: Goals: Normal
     0 | D:1      | 0 ||| PLANNING D:1-11
    60 | D:1      | Reached skill level 3 in Dodging
   179 | D:1      | Found a faded altar of an unknown god.
   216 | D:1      | Reached XP level 2. HP: 14/14 MP: 3/3
   245 | D:1      | HP: 3/14 [jackal (2)]
   381 | D:1      | Reached XP level 3. HP: 18/18 MP: 4/4
  1114 | D:1      | 1114 ||| DROPPING scroll of butterflies.
  1325 | D:2      | Reached XP level 4. HP: 20/22 MP: 5/5
  1374 | D:2      | Found Omnow's Magic Scroll Emporium.
  1384 | D:2      | 1384 ||| SHOPLISTING scroll of enchant armour (105 gold,
                  | have 56).
  1384 | D:2      | 1384 ||| BUYING scroll of identify (28 gold).
  1384 | D:2      | Bought a scroll of identify for 28 gold pieces
  1384 | D:2      | 1384 ||| BUYING scroll of identify (28 gold).
  1384 | D:2      | Bought a scroll of identify for 28 gold pieces
  1742 | D:2      | 1742 ||| READING 3 scrolls of identify.
  1742 | D:2      | 1742 ||| IDENTIFYING yellow potion
  1743 | D:2      | 1743 ||| READING 2 scrolls of identify.
  1743 | D:2      | 1743 ||| IDENTIFYING glowing coppery potion
  1744 | D:2      | 1744 ||| READING scroll of identify.
  1744 | D:2      | 1744 ||| IDENTIFYING dark potion
  1745 | D:2      | 1745 ||| READING scroll labelled PARAKHO AMPO.
  1746 | D:2      | 1746 ||| READING scroll labelled UCSELU WUYSAD.
  1750 | D:2      | 1750 ||| READING scroll labelled MIMEQOAF PANO.
  1763 | D:3      | 1763 ||| STAIRDANCE
  1782 | D:3      | 1782 ||| STAIRDANCE
  1856 | D:3      | Slain by a gnoll

Levels and vault maps discovered:
D:1:      sevenhm_arrival_forest_fort_small_3, layout_basic,
          shapermc_ecumenical_altar_rom_forum, serial_bayou,
          serial_bayou_lagoon_a, serial_bayou_pond_c, serial_bayou_shore_b,
          serial_bayou_pond_b, serial_bayou_crossing, serial_bayou_lake_a,
          kennysheep_nondescript
D:2:      layout_rooms, serial_shops, shop
D:3:      layout_basic, mainiacjoe_overflow_chevrons,
          nicolae_twisty_statue_hallways

Skill      XL: |  1  2  3  4 |
---------------+-------------+-----
Dodging        | 3 4 5 |  5.0
Ranged Weapons | 5 |  5.0
Fighting       | |  1.6
Stealth        | |  1.5

Action                     |  1- 3 |  4- 6 || total
---------------------------+-------+-------++-------
   Fire: Shortbow          |   132 |    58 ||   190
    Use: Scroll            |       |     6 ||     6
 Armour: Robe              |    25 |    15 ||    40
  Dodge: Dodged            |   102 |    38 ||   140

Table legend:
 A = Non-vault XP
 B = Vault XP
 C = Vault XP percentage of total XP
 D = Non-vault monster count
 E = Vault monster count
 F = Vault count percentage of total count
                 A         B        C        D         E       F
            +---------+---------+-------+---------+---------+-------
      Total |     138 |       4 |   2.8 |      49 |       2 |   3.9
            +---------+---------+-------+---------+---------+-------
        D:1 |      65 |       4 |   5.8 |      27 |       2 |   6.9
        D:2 |      47 |       0 |   0.0 |      16 |       0 |   0.0
        D:3 |      26 |       0 |   0.0 |       6 |       0 |   0.0
            +---------+---------+-------+---------+---------+-------
